 Dungeon Crawl Stone Soup version 0.30-a0-756-gc2185399d4 (webtiles) character file.

Game seed: 10015479631355162168

1779 sanka the Grappler (level 8, 0/75 HPs)
             Began as a Troll Monk on Feb 9, 2023.
             Was an Elder of Okawaru.
             Slain by an orc
             ... wielding a +4 flail
              (4 damage)
             ... on level 6 of the Dungeon.
             The game lasted 00:05:45 (3638 turns).

sanka the Grappler (Troll Monk)                     Turns: 3638, Time: 00:05:46

Health: 0/75       AC:  4    Str: 22    XL:     8   Next: 81%
Magic:  10/10      EV: 10    Int:  6    God:    Okawaru [****..]
Gold:   377        SH:  0    Dex: 12    Spells: 7/7 levels left

rFire   . . .      SeeInvis .      - Unarmed
rCold   . . .      Faith    .    (no shield)
rNeg    . . .      Spirit   .    a - +0 robe
rPois   .          Reflect  .    (helmet restricted)
rElec   .          Harm     .    (no cloak)
rCorr   .          Rampage  .    (gloves unavailable)
Will    .....                    (boots unavailable)
Stlth   ++                       (no amulet)
HPRegen 1.12/turn                (no ring)
MPRegen 0.12/turn                g - ring of wizardry

@: no status effects
A: large, unfitting armour, claws 3, regeneration 1, shaggy fur 1, tough skin 1
a: Renounce Religion, Heroism, Finesse


You were on level 6 of the Dungeon.
You worshipped Okawaru.
Okawaru was greatly pleased with you.
You visited 2 branches of the dungeon, and saw 7 of its levels.

You collected 377 gold pieces.


Innate Abilities, Weirdness & Mutations

You are too large for most types of armour.
You have claws for hands.
Your natural rate of healing is unusually fast.
You are covered in fur. (AC +1)
You have tough skin. (AC +1)


   Skills:
 + Level 3.4 Fighting
 - Level 2.4 Dodging
 - Level 1.0 Stealth
 - Level 10.0 Unarmed Combat
 - Level 5.0 Invocations


You had 7 spell levels left.
You didn't know any spells.
Your spell library was empty.

Inventory:

Missiles
 t - a large rock {=f}
Armour
 a - a +0 robe (worn)
Jewellery
 g - a ring of wizardry (right claw)
Wands
 s - a wand of roots (3)
Scrolls
 c - 2 scrolls of noise {unknown}
 d - 7 scrolls of teleportation {unknown}
 e - 4 scrolls of identify {unknown}
 f - 3 scrolls of magic mapping {unknown}
 i - 3 scrolls of enchant armour {unknown}
 k - 2 scrolls of immolation {unknown}
 l - a scroll of amnesia {unknown}
 m - a scroll of torment {unknown}
 p - 5 scrolls of vulnerability {unknown}
 u - a scroll of poison {unknown}
Potions
 b - 4 potions of ambrosia
 h - a potion of flight {unknown}
 j - 3 potions of curing {unknown}
 n - a potion of resistance {unknown}
 o - 2 potions of mutation {unknown}
 q - 3 potions of heal wounds {unknown}
 r - a potion of degeneration {unknown}

Dungeon Overview and Level Annotations

Branches:
Dungeon (6/15)             Temple (1/1) D:5

Altars:
Cheibriados
Dithmenos
Elyvilon
Gozag
Hepliaklqana
Kikubaaqudgha
Makhleb
Okawaru
Ru
Vehumet
Wu Jian
Xom
Yredelemnul

Annotations:
D:2 1 runed translucent door, Crazy Yiuf

.....▒.....▒.....▒
...▒▒▒▒....▒.....▒
...▒▒▒▒....▒.....▒
.....))....▒.....▒
...........▒.....▒
...........▒...<.▒
...........▒.....▒
▒▒▒▒▒▒▒▒▒▒▒▒.....▒ .
................T▒ ..h.
...............oo▒£....
................){......
..................▒▒▒▒▒.
.................▒▒
▒'▒▒.............▒55∩
...▒▒▒▒▒▒▒▒▒.....▒▒£(
...▒ ▒......▒ ▒ ...▒
▒........


You could see 2 orcs.


Message History

The orc closely misses you.
You barely miss the orc warrior.
The orc warrior is heavily wounded.
The orc wizard points at you and mumbles some strange words.
The magic dart hits you.
* * * LOW HITPOINT WARNING * * *
The orc hits you with a +0 dagger.
* * * LOW HITPOINT WARNING * * *
The orc hits you with a +4 flail!
* * * LOW HITPOINT WARNING * * *
The orc warrior hits you with a +0 short sword.
* * * LOW HITPOINT WARNING * * *
You scratch the orc warrior.
The orc warrior is severely wounded.
The orc warrior hits you with a +0 short sword!
* * * LOW HITPOINT WARNING * * *
The orc wizard hits you but does no damage.
The orc hits you but does no damage. The orc barely misses you.
You claw the orc warrior!
You kill the orc warrior!
Okawaru accepts your kill.
Training target 10.0 for Unarmed Combat reached!
Your Unarmed Combat skill increases to level 10!
You need to enable at least one skill for training.
The orc wizard gestures wildly while chanting.
The orc wizard flickers and vanishes!
Deactivating autopickup; reactivate with Ctrl-A.
The orc hits you with a +4 flail.
You die...

Action                     |  1- 3 |  4- 6 |  7- 9 || total
---------------------------+-------+-------+-------++-------
  Melee: Unarmed           |    88 |   121 |   100 ||   309
         Punch             |     3 |     4 |     5 ||    12
 Invoke: Heroism           |       |     1 |     1 ||     2
   Stab: Sleeping          |       |     1 |     1 ||     2
 Armour: Robe              |    28 |    39 |    20 ||    87
  Dodge: Dodged            |    46 |    52 |    48 ||   146

Levels and vault maps discovered:
D:1:      dpeg_arrival_orchard, layout_basic
D:2:      layout_loops_ring, shapermc_ecumenical_altar_mp_urbaneastern,
          minmay_misc_feat_roman, minivault_23, uniq_crazy_yiuf_cottage,
          uniq_natasha
D:3:      layout_basic
D:4:      layout_rooms, nicolae_hepliaklqana_monster_ancestors
D:5:      layout_rooms, amcnicky_altar_gilded, minmay_temple_entry_wispy,
          serial_park_tiny_pond, guppyfry_early_orc_mine, uniq_grinder,
          uniq_edmund
D:6:      cheibrodos_quashed, layout_gridville, overflow_temple_1_default,
          nicolae_uskayaw_suspiria, lemuel_crystal_altar
Temple:   minmay_freezing_vapour_temple

Notes
Turn   | Place    | Note
-------+----------+-------------------------------------------
     0 | D:1      | sanka the Troll Monk began the quest for the Orb.
     0 | D:1      | Reached XP level 1. HP: 22/22 MP: 0/0
    81 | D:1      | Reached skill level 3 in Fighting
    81 | D:1      | Reached XP level 2. HP: 30/31 MP: 1/1
   603 | D:2      | Noticed Natasha
   606 | D:2      | Noticed a crimson imp
   611 | D:2      | Killed Natasha
   612 | D:2      | Reached skill level 4 in Unarmed Combat
   612 | D:2      | Reached XP level 3. HP: 27/37 MP: 2/2
   799 | D:2      | Noticed Natasha
   808 | D:2      | Killed Natasha
   809 | D:2      | Reached XP level 4. HP: 29/45 MP: 3/3
   985 | D:2      | Found a faded altar of an unknown god.
  1098 | D:2      | Noticed Natasha
  1106 | D:2      | Killed Natasha
  1107 | D:2      | Reached skill level 5 in Unarmed Combat
  1213 | D:2      | Found a runed translucent door.
  1214 | D:2      | Noticed Crazy Yiuf
  1757 | D:3      | Reached XP level 5. HP: 52/53 MP: 4/4
  2102 | D:4      | Noticed a phantom
  2105 | D:4      | Killed a phantom
  2106 | D:4      | Reached skill level 6 in Unarmed Combat
  2175 | D:4      | Reached XP level 6. HP: 61/61 MP: 5/5
  2504 | D:4      | Found a hazy altar of Hepliaklqana.
  2545 | D:5      | Entered Level 5 of the Dungeon
  2545 | D:5      | Found a staircase to the Ecumenical Temple.
  2556 | Temple   | Entered the Ecumenical Temple
  2561 | Temple   | Became a worshipper of Warmaster Okawaru
  2561 | Temple   | Reached * piety under Okawaru
  2561 | Temple   | Reached ** piety under Okawaru
  2659 | D:5      | Noticed Edmund
  2703 | D:4      | Killed Edmund
  2704 | D:4      | Reached skill level 7 in Unarmed Combat
  2704 | D:4      | Reached skill level 1 in Invocations
  2770 | D:5      | Reached XP level 7. HP: 47/67 MP: 7/7
  2825 | D:5      | Reached skill level 2 in Invocations
  2937 | D:5      | Reached skill level 3 in Invocations
  3023 | D:5      | Reached skill level 8 in Unarmed Combat
  3045 | D:5      | Reached *** piety under Okawaru
  3116 | D:5      | Found a shadowy altar of Dithmenos.
  3168 | D:5      | Noticed Grinder
  3178 | D:5      | Killed Grinder
  3179 | D:5      | Reached skill level 4 in Invocations
  3179 | D:5      | Reached XP level 8. HP: 53/75 MP: 8/10
  3354 | D:6      | Identified the +8 chain mail of Mumblety Peg {-Cast Fly
                  | Will+++ rCorr}
  3480 | D:6      | Reached skill level 9 in Unarmed Combat
  3480 | D:6      | Reached skill level 5 in Invocations
  3588 | D:6      | Reached **** piety under Okawaru
  3636 | D:6      | HP: 2/75 [orc warrior/+0 short sword (12)]
  3638 | D:6      | Reached skill level 10 in Unarmed Combat
  3638 | D:6      | Slain by an orc

Vanquished Creatures
  Grinder (D:5)
  A steam dragon (D:6)
  Edmund (D:4)
  2 orc warriors
  A sky beast (D:6)
  2 black bears
  2 phantoms
  A necrophage (D:5)
  4 killer bees (D:6)
  3 hounds
  An orc priest (D:5)
  2 orc wizards
  Natasha (thrice) (D:2)
  3 iguanas
  7 adders
  A shadow imp (D:5)
  3 worms
  A dart slug (D:1)
  15 orcs
  7 bats
  4 endoplasms
  A giant cockroach (D:3)
  12 goblins
  4 hobgoblins
  4 quokkas
  2 ball pythons
  6 frilled lizards
  8 kobolds
  3 rats
  A spectral goblin (D:4)
106 creatures vanquished.

Vanquished Creatures (others)
  6 fungi (D:2)
  4 plants (D:2)
10 creatures vanquished.

Grand Total: 116 creatures vanquished
